 Dungeon Crawl Stone Soup version 0.22.0 (webtiles) character file.

4470 Blackhawk the Basher (level 10, -1/91 HPs)
             Began as a Minotaur Berserker on Oct 28, 2018.
             Was an Elder of Trog.
             Slain by a killer bee (4 damage)
             ... on level 8 of the Dungeon.
             The game lasted 00:10:49 (6707 turns).

Blackhawk the Basher (Minotaur Berserker)           Turns: 6707, Time: 00:10:50

Health: -1/91      AC: 18    Str: 26    XL:     10   Next: 15%
Magic:  9/9        EV: 10    Int:  4    God:    Trog [****..]
Gold:   255        SH:  2    Dex:  9    Spells: 9/9 levels left

rFire    . . .     SeeInvis .   C - +0 whip (flame)
rCold    . . .     Gourm    .   I - +0 buckler {AC+3}
rNeg     . . .     Faith    .   u - +0 plate armour
rPois    .         Spirit   .   K - +0 hat
rElec    .         Reflect  .   (no cloak)
rCorr    .         Harm     .   n - +0 pair of gloves
MR       .....                  (no boots)
Stlth    ..........             (no amulet)
HPRegen  0.25/turn              (no ring)
MPRegen  0.11/turn              (no ring)

@: lethally poisoned (-1 -> -22), berserk cooldown, starving, slowed, very slow
A: retaliatory headbutt, horns 2
a: Berserk, Trog's Hand, Brothers in Arms, Renounce Religion


You were on level 8 of the Dungeon.
You worshipped Trog.
Trog was greatly pleased with you.
You were starving.

You visited 1 branch of the dungeon, and saw 8 of its levels.

You collected 279 gold pieces.
You spent 24 gold pieces at shops.

Inventory:

Hand Weapons
 a - a +0 mace
 C - a +0 whip of flaming (weapon)
 D - a cursed +4 flail
 G - a cursed +3 mace
Missiles
 o - 58 sling bullets
Armour
 n - a +0 pair of gloves (worn)
 u - a +0 plate armour (worn)
 I - a +0 buckler of protection (worn)
 K - a +0 hat (worn)
Jewellery
 f - an uncursed amulet of faith {unknown}
 r - an uncursed ring of see invisible {unknown}
 E - an uncursed ring of flight {unknown}
 H - an uncursed ring of protection from cold {unknown}
Wands
 p - a wand of digging (18)
 q - a wand of random effects (23)
 y - a wand of scattershot (7)
 B - a wand of iceblast (10)
 F - a wand of disintegration (12)
Scrolls
 b - 6 scrolls of magic mapping {unknown}
 e - a scroll of immolation {unknown}
 g - 2 scrolls of fear {unknown}
 i - 4 scrolls of identify
 j - 2 scrolls of teleportation {unknown}
 k - 5 scrolls of remove curse {unknown}
 s - 2 scrolls of random uselessness {unknown}
 t - 2 scrolls of enchant armour {unknown}
 z - a scroll of amnesia {unknown}
Potions
 d - a potion of brilliance {unknown}
 h - 6 potions of curing {unknown}
 l - a potion of haste {unknown}
 m - a potion of lignification {unknown}
 v - a potion of ambrosia {unknown}
 w - 2 potions of degeneration {unknown}
 x - 2 potions of agility {unknown}
 A - a potion of berserk rage {unknown}
 J - a potion of flight {unknown}
Comestibles
 c - 13 rations


   Skills:
 + Level 9.6 Fighting
 + Level 9.6 Maces & Flails
 + Level 9.2 Armour
 + Level 8.4 Dodging


You had 9 spell levels left.
You didn't know any spells.
Your spell library was empty.

Dungeon Overview and Level Annotations

Branches:
Dungeon (8/15)             Temple (0/1) D:7
   Lair: D:8-11

Altars:
Fedhas
Kikubaaqudgha
Ru
Sif Muna
Trog
Xom
Yredelemnul
Zin
The Shining One

Shops:
D:4 ?   D:5 ?

Annotations:
D:6 2 transporters, Jeremy's ghost, novice CeHu


Innate Abilities, Weirdness & Mutations

You reflexively headbutt those who attack you in melee.
You have a pair of horns on your head.


Message History

* * * LOW HITPOINT WARNING * * *
You feel sick. The killer bee closely misses you.
The killer bee stings you but does no damage.
You block the killer bee's attack.
The killer bee stings you but does no damage.
The killer bee barely misses you. You furiously retaliate!
You headbutt the killer bee!
The killer bee stings you but does no damage.
The killer bee stings you.
* * * LOW HITPOINT WARNING * * *
The killer bee stings you but does no damage.
You hit the killer bee but do no damage.
The killer bee is almost dead.
* * * LOW HITPOINT WARNING * * *
You feel very sick.
The killer bee stings you but does no damage. x3
The killer bee stings you.
* * * LOW HITPOINT WARNING * * *
The killer bee barely misses you. The killer bee stings you.
You die...

##..################.......
#..yy.....#..........######
#(#y#####.#.##############
#.#†# #.#.........)....#
.#.#.#.#
#.#.############.##
....y#.## #.#.# #...
#..>.## #y#.# ####
#.#.#.###y#.# ......
#....yyyyy@.# ######
....#.#.###y#y######
....................#
#....##############.# ####.
#.# # #.# ## #.# ..#
##.###)# #...##.#


You could see a queen bee and 8 killer bees.

Vanquished Creatures
  Gastronok (D:8)
  Pikel (D:7)
  Menkaure (D:4)
  A sky beast (D:7)
  An ice beast (D:5)
  Purgy (D:4)
  2 slaves (D:7)
  A phantom (D:4)
  An ogre (D:5)
  4 centaurs
  A bullfrog (D:8)
  A gnoll sergeant (D:5)
  6 killer bees (D:8)
  2 scorpions
  5 wights (D:7)
  A crimson imp (D:7)
  A jelly (D:7)
  2 hounds
  6 orc priests
  7 orc wizards
  2 iguanas
  7 worker ants
  A hound skeleton (D:5)
  4 gnolls (D:5)
  2 adders
  An ooze (D:5)
  An adder skeleton (D:4)
  2 dart slugs
  5 leopard geckos
  22 orcs
  2 ball pythons
  6 bats
  9 giant cockroaches
  5 goblins
  6 hobgoblins
  5 jackals
  3 quokkas
  4 frilled lizards
  2 kobolds (D:1)
  11 rats
146 creatures vanquished.

Vanquished Creatures (others)
  2 slaves (D:7)
2 creatures vanquished.

Grand Total: 148 creatures vanquished

Notes
Turn   | Place    | Note
-------+----------+-------------------------------------------
     0 | D:1      | Blackhawk the Minotaur Berserker began the quest for the Orb.
     0 | D:1      | Reached XP level 1. HP: 19/19 MP: 0/0
   199 | D:1      | Reached XP level 2. HP: 27/27 MP: 1/1
  1131 | D:2      | Reached ** piety under Trog
  1131 | D:2      | Reached XP level 3. HP: 33/33 MP: 2/2
  1454 | D:3      | Noticed a scorpion
  1467 | D:3      | Killed a scorpion
  1467 | D:3      | Reached XP level 4. HP: 37/41 MP: 3/3
  1927 | D:4      | Reached XP level 5. HP: 38/47 MP: 4/4
  1984 | D:4      | Noticed a phantom
  2008 | D:4      | Killed a phantom
  2008 | D:4      | Reached skill level 5 in Fighting
  2008 | D:4      | Reached skill level 5 in Maces & Flails
  2251 | D:4      | Reached XP level 6. HP: 55/56 MP: 5/5
  2315 | D:4      | Noticed Menkaure
  2324 | D:4      | Killed Menkaure
  2543 | D:4      | Found Hoimn's Magic Scroll Shoppe.
  2549 | D:4      | Bought a scroll of identify for 24 gold pieces
  2590 | D:4      | Found a bloodstained altar of Trog.
  2641 | D:4      | Reached XP level 7. HP: 44/62 MP: 6/6
  2862 | D:4      | Reached skill level 5 in Armour
  2980 | D:4      | Noticed Purgy
  2995 | D:4      | Killed Purgy
  3139 | D:5      | Entered Level 5 of the Dungeon
  3155 | D:5      | Reached *** piety under Trog
  3167 | D:5      | Reached skill level 5 in Dodging
  3502 | D:5      | Found Hirghom's Magic Scroll Shoppe.
  3521 | D:5      | Reached XP level 8. HP: 71/71 MP: 7/7
  4190 | D:5      | Found a deep blue altar of Sif Muna.
  4192 | D:5      | Found an opulent altar of Gozag.
  4192 | D:5      | Found an ancient bone altar of Kikubaaqudgha.
  4194 | D:5      | Found a sacrificial altar of Ru.
  4194 | D:5      | Found a blossoming altar of Fedhas.
  4194 | D:5      | Found a shimmering altar of Xom.
  4543 | D:6      | Noticed Jeremy's ghost (novice CeHu)
  4544 | D:6      | Noticed a two-headed ogre
  4545 | D:6      | Found a transporter.
  4604 | D:6      | Found a glowing golden altar of the Shining One.
  4614 | D:6      | Found a glowing silver altar of Zin.
  4643 | D:6      | Found a basalt altar of Yredelemnul.
  4938 | D:6      | Found a transporter.
  5099 | D:7      | Noticed Pikel
  5117 | D:7      | Killed Pikel
  5117 | D:7      | Reached XP level 9. HP: 81/81 MP: 8/8
  5348 | D:7      | Found a staircase to the Ecumenical Temple.
  5695 | D:7      | Reached **** piety under Trog
  6444 | D:8      | Noticed Gastronok
  6453 | D:8      | Killed Gastronok
  6453 | D:8      | Reached XP level 10. HP: 91/91 MP: 9/9
  6637 | D:8      | Noticed a two-headed ogre
  6707 | D:8      | HP: 3/91 [killer bee (5)]
  6707 | D:8      | Slain by a killer bee

Skill      XL: |  1  2  3  4  5  6  7  8  9 |
---------------+----------------------------+-----
Fighting       | 4 5 6 8 9 |  9.6
Maces & Flails | 4 5 6 8 9 |  9.6
Armour         | 3 4 6 7 9 |  9.2
Dodging        | 3 4 5 6 8 |  8.4

Action                   |  1- 3 |  4- 6 |  7- 9 | 10-12 || total
-------------------------+-------+-------+-------+-------++-------
Melee: Mace              |    55 |   106 |   169 |       ||   330
       Headbutt          |    11 |    28 |    54 |     3 ||    96
       Whip              |       |       |    99 |    54 ||   153
Invok: Berserk           |       |     2 |     7 |     1 ||    10
 Stab: Sleeping          |     3 |       |       |       ||     3
  Eat: Chunk             |     2 |     2 |    18 |       ||    22
       Ration            |       |     1 |       |       ||     1
Armor: Animal skin       |    18 |       |       |       ||    18
       Plate armour      |     9 |    75 |   169 |    91 ||   344
Dodge: Dodged            |    41 |    55 |   106 |    73 ||   275
Block: Buckler           |       |       |       |     7 ||     7
